 Dungeon Crawl Stone Soup version 0.23.0 (webtiles) character file.

Game seed: 13735528862845394134

5161 Peloso the Blocker (level 10, -11/90 HPs)
             Began as a Minotaur Fighter on Feb 17, 2019.
             Was a Priest of Okawaru.
             Mangled by a death yak (23 damage)
             ... on level 7 of the Dungeon.
             The game lasted 00:24:54 (9144 turns).

Peloso the Blocker (Minotaur Fighter)               Turns: 9144, Time: 00:24:55

Health: -11/90     AC: 12    Str: 22    XL:     10   Next: 33%
Magic:  0/0        EV: 11    Int: 11    God:    Okawaru [***...]
Gold:   307        SH: 13    Dex: 17    Spells: 9/9 levels left

rFire    . . .     SeeInvis .   a - +1 long sword
rCold    . . .     Gourm    .   c - +1 shield
rNeg     . . .     Faith    .   F - +3 scale mail "Rahiquse" {MP-9 Int+6 Dex+5}
rPois    +         Spirit   .   (helmet restricted)
rElec    .         Reflect  .   (no cloak)
rCorr    .         Harm     .   g - +0 pair of gloves
MR       .....                  (no boots)
Stlth    +.........             (no amulet)
HPRegen  0.25/turn              l - ring of poison resistance
MPRegen  0.07/turn              (no ring)

@: no status effects
A: retaliatory headbutt, horns 2
a: Heroism, Renounce Religion


You were on level 7 of the Dungeon.
You worshipped Okawaru.
Okawaru was most pleased with you.
You were not hungry.

You visited 2 branches of the dungeon, and saw 10 of its levels.
You also visited: Ossuary.

You collected 421 gold pieces.
You spent 114 gold pieces at shops.

Inventory:

Hand Weapons
 a - a +1 long sword (weapon)
Armour
 b - a +0 scale mail
 c - a +1 shield (worn)
 g - a +0 pair of gloves (worn)
 w - a +0 chain mail
 F - the +3 scale mail "Rahiquse" (worn) {MP-9 Int+6 Dex+5}
   (You found it on level 8 of the Dungeon)

   It affects your intelligence (+6).
   It affects your dexterity (+5).
   It affects your magic capacity (-9).
Jewellery
 l - a ring of poison resistance (left hand)
 u - an uncursed amulet of harm
 v - an uncursed amulet of regeneration {unknown}
 x - an uncursed ring of protection from fire {unknown}
Wands
 r - a wand of random effects (29)
 A - a wand of digging (6)
 B - a wand of paralysis (8)
 C - a wand of iceblast (7)
Scrolls
 h - 4 scrolls of enchant armour
 k - 2 scrolls of enchant weapon
 n - 9 scrolls of teleportation
 q - 4 scrolls of remove curse
 y - 4 scrolls of amnesia
 z - a scroll of fog
 E - a scroll of silence {unknown}
Potions
 d - 2 potions of might
 e - 3 potions of curing
 i - 2 potions of brilliance
 j - a potion of magic
 m - a potion of resistance
 o - 3 potions of flight
 p - 2 potions of ambrosia
 s - 3 potions of agility
 t - a potion of heal wounds
 D - 3 potions of haste
 G - a potion of cancellation {unknown}
Comestibles
 f - 9 rations


   Skills:
 + Level 8.5 Fighting
 + Level 10.1 Long Blades
 + Level 9.1 Armour
 + Level 3.2 Dodging
 + Level 1.1 Stealth
 + Level 10.3 Shields


You had 9 spell levels left.
You didn't know any spells.
Your spell library contained the following spells:

 Spells                   Type           Power        Failure   Level  Hunger
 Corona                   Hex            #......      82%         1    ##.....
 Ensorcelled Hibernation  Hex/Ice        #.....       91%         2    ###....
 Confuse                  Hex            #.......     99%         3    ####...
 Dazzling Spray           Conj/Hex       #.....       99%         3    ####...
 Tukima's Dance           Hex            #.......     99%         3    ####...


Dungeon Overview and Level Annotations

Branches:
Dungeon (9/15)             Temple (1/1) D:6            Lair (0/6) D:8
    Orc: D:9-12

Altars:
Ashenzari
Cheibriados
Dithmenos
Elyvilon
Fedhas
Gozag
Hepliaklqana
Kikubaaqudgha
Makhleb
Nemelex Xobeh
Okawaru
Qazlal
Ru
Sif Muna
Uskayaw
Vehumet
Wu Jian
Xom
Yredelemnul
Zin
The Shining One

Shops:
D:7 *


Innate Abilities, Weirdness & Mutations

You reflexively headbutt those who attack you in melee.
You have a pair of horns on your head.


Message History

You block the death yak's attack.
Unknown command.
You hit the death yak.
The death yak is moderately wounded.
The death yak gores you!
You barely miss the death yak. You headbutt the death yak.
The death yak is heavily wounded.
You block the death yak's attack.
Unknown command.
You barely miss the death yak.
The death yak is heavily wounded.
The death yak gores you!
You hit the death yak.
The death yak is heavily wounded.
The death yak gores you!!
* * * LOW HITPOINT WARNING * * *
You hit the death yak but do no damage.
The death yak is heavily wounded.
The death yak gores you!!
You die...

#.# #..# ###### #.#
#..##########..... #.#
#.............#### #.#
#..##########.#...
####.###..##### ###.#.##
#.............# #...#.#
#.##.###..###.# #...#.#
#.##.# #Y.###.####...#.#
#.##.# #@..............#
##.##.###..##.........#.##
#..........##.........#..#
#..##.###..##.........#..#
#..##.....................
#..##.##....##.#..###.#.#.
#..##.................#.#.
#..##.##......)...........
#..##.....................


You could see a death yak.

Vanquished Creatures
  A two-headed ogre (D:8)
  The ghost of binko the Cudgeler, a novice DsGl of Yredelemnul (D:6)
  2 hippogriffs (D:7)
  A hungry ghost (D:7)
  A porcupine (D:8)
  A black bear (D:7)
  2 ice beasts
  A sky beast (D:8)
  4 ogres
  5 centaurs
  An elf zombie (Ossuary)
  3 big kobolds (D:7)
  4 bullfrogs
  A wyvern zombie (D:8)
  4 scorpions
  5 wights (D:5)
  2 bullfrog zombies
  3 crimson imps
  2 human zombies (Ossuary)
  A quasit (D:5)
  2 orc priests
  6 hounds
  A jelly (D:5)
  4 orc wizards
  3 iguanas
  Ijyb (D:5)
  Natasha (thrice) (D:3)
  8 worker ants
  A killer bee zombie (D:6)
  2 hound skeletons
  2 hound zombies
  2 mummies (Ossuary)
  Robin (D:2)
  3 gnolls (D:2)
  10 adders
  2 shadow imps
  2 adder skeletons
  An adder zombie (D:7)
  3 worms
  2 dart slugs (D:1)
  6 leopard geckos
  23 orcs
  7 giant cockroaches
  12 goblins
  8 hobgoblins
  7 jackals
  8 quokkas
  A ball python (D:4)
  4 bats
  6 frilled lizards
  2 goblin zombies (Ossuary)
  11 hobgoblin zombies (Ossuary)
  4 jackal zombies (Ossuary)
  15 kobolds
  9 kobold zombies (Ossuary)
  A leopard gecko skeleton (D:6)
  6 orc zombies (Ossuary)
  2 quokka skeletons
  6 rats
  A rat zombie (Ossuary)
243 creatures vanquished.

Vanquished Creatures (others)
  2 withered plants (D:6)
2 creatures vanquished.

Grand Total: 245 creatures vanquished

Notes
Turn   | Place    | Note
-------+----------+-------------------------------------------
     0 | D:1      | Peloso the Minotaur Fighter began the quest for the Orb.
     0 | D:1      | Reached XP level 1. HP: 19/19 MP: 0/0
    36 | D:1      | Reached XP level 2. HP: 15/27 MP: 1/1
   624 | D:1      | Reached XP level 3. HP: 30/33 MP: 2/2
   895 | D:2      | Reached XP level 4. HP: 32/40 MP: 3/3
  1347 | D:2      | Found a glowing silver altar of Zin.
  1711 | D:3      | Found a faded altar of an unknown god.
  1721 | D:3      | Reached skill level 1 in Dodging
  1972 | D:3      | Noticed Natasha
  1981 | D:3      | Killed Natasha
  1981 | D:3      | Reached XP level 5. HP: 44/46 MP: 4/4
  1982 | D:3      | Noticed Robin
  2000 | D:3      | Noticed Natasha
  2005 | D:2      | Killed Robin
  2116 | D:3      | Killed Natasha
  2130 | D:3      | Noticed Natasha
  2136 | D:3      | Killed Natasha
  2136 | D:3      | Reached skill level 5 in Long Blades
  2631 | D:4      | Reached XP level 6. HP: 20/53 MP: 5/5
  2837 | D:3      | Reached skill level 5 in Fighting
  2958 | D:4      | Reached skill level 5 in Shields
  3193 | D:4      | Found a snail-covered altar of Cheibriados.
  3461 | D:5      | Entered Level 5 of the Dungeon
  3473 | D:5      | Reached skill level 5 in Armour
  3473 | D:5      | Reached XP level 7. HP: 56/61 MP: 6/6
  3785 | D:5      | Found a burning altar of Makhleb.
  3785 | D:5      | Noticed a cacodemon
  4007 | D:5      | Noticed Ijyb
  4025 | D:5      | Killed Ijyb
  4192 | D:5      | Reached XP level 8. HP: 70/70 MP: 7/7
  4213 | D:5      | Found a sacrificial altar of Ru.
  5071 | D:6      | Found a staircase to the Ecumenical Temple.
  5095 | Temple   | Entered the Ecumenical Temple
  5100 | Temple   | Became a worshipper of Warmaster Okawaru
  5134 | D:6      | Found a runed translucent door.
  5139 | D:6      | Noticed binko's ghost (novice DsGl)
  5140 | D:6      | You fall through a shaft for 3 floors!
  5253 | D:9      | Found a shadowy altar of Dithmenos.
  5295 | D:7      | Found Laniluum's Assorted Antiques.
  5295 | D:7      | Noticed a hippogriff
  5329 | D:7      | Killed a hippogriff
  5334 | D:7      | Reached XP level 9. HP: 11/78 MP: 8/8
  5340 | D:7      | Reached * piety under Okawaru
  5373 | D:7      | Bought a scroll labeled YSKIWU ZUKEEXT for 19 gold pieces
  5373 | D:7      | Bought a scroll labeled YSKIWU ZUKEEXT for 19 gold pieces
  5420 | D:7      | Found a sand-covered staircase.
  5429 | Ossuary  | Entered an ossuary
  6369 | D:7      | Reached ** piety under Okawaru
  6939 | D:7      | Bought a potion of might for 76 gold pieces
  7933 | D:6      | Killed binko's ghost
  8139 | D:8      | Reached skill level 10 in Shields
  8139 | D:8      | Reached XP level 10. HP: 38/88 MP: 9/9
  8431 | D:8      | Got a crude scale mail
  8442 | D:8      | Identified the +3 scale mail "Rahiquse" {MP-9 Int+6 Dex+5}
                  | (You found it on level 8 of the Dungeon)
  8499 | D:8      | Noticed a two-headed ogre
  8511 | D:8      | Killed a two-headed ogre
  8511 | D:8      | Reached skill level 10 in Long Blades
  8511 | D:8      | Reached skill level 1 in Stealth
  8827 | D:8      | Reached *** piety under Okawaru
  8995 | D:8      | Found an ancient bone altar of Kikubaaqudgha.
  8995 | D:8      | Found a deep blue altar of Sif Muna.
  9002 | D:8      | Found a sparkling altar of Nemelex Xobeh.
  9004 | D:8      | Found a basalt altar of Yredelemnul.
  9006 | D:8      | Found a shimmering altar of Xom.
  9106 | D:8      | Noticed a death yak
  9107 | D:8      | Found a staircase to the Lair.
  9108 | D:8      | Noticed a death yak
  9129 | D:8      | Noticed a death yak
  9144 | D:7      | Mangled by a death yak

Skill      XL: |  1  2  3  4  5  6  7  8  9 10 |
---------------+-------------------------------+-----
Fighting       | 4 5 6 7 8 |  8.5
Shields        | 4 5 6 8 10 | 10.3
Armour         | 4 5 7 8 9 |  9.1
Long Blades    | 3 4 5 6 8 9 10 | 10.1
Dodging        | 1 2 3 |  3.2
Stealth        | 1 |  1.1

Action                   |  1- 3 |  4- 6 |  7- 9 | 10-12 || total
-------------------------+-------+-------+-------+-------++-------
Melee: Long sword        |    69 |   174 |   450 |    72 ||   765
       Headbutt          |    14 |    32 |    96 |    18 ||   160
Invok: Heroism           |       |       |     1 |       ||     1
  Use: Scroll            |       |       |    21 |       ||    21
       Potion            |       |       |     4 |       ||     4
  Eat: Chunk             |       |     8 |    14 |     2 ||    24
       Ration            |       |       |     2 |       ||     2
Armor: Scale mail        |    33 |    84 |       |    17 ||   134
       Chain mail        |       |    10 |   231 |     3 ||   244
Dodge: Dodged            |    28 |    60 |   146 |    18 ||   252
Block: Shield            |    47 |   108 |   347 |    34 ||   536
       Rpst.: Long sword |    12 |    19 |    37 |     3 ||    71
